 Dungeon Crawl Stone Soup version 0.29-a0-1006-g0dd7720b37 (webtiles) character file.

Game seed: 9571305181126029727

103 drpainis the Covered (level 4, -3/40 HPs)
             Began as a Hill Orc Fighter on Aug 6, 2022.
             Killed from afar by an orc wizard (8 damage)
             ... with a magic dart
             ... on level 3 of the Dungeon.
             The game lasted 00:02:47 (2827 turns).

drpainis the Covered (Hill Orc Fighter)             Turns: 2827, Time: 00:02:47

Health: -3/40      AC: 10    Str: 20    XL:     4   Next: 79%
Magic:  4/4        EV:  7    Int:  8    God:
Gold:   156        SH:  4    Dex: 10    Spells: 3/3 levels left

rFire   . . .      SeeInvis .   q - +1 hand axe (freeze)
rCold   . . .      Faith    .   c - +0 buckler
rNeg    . . .      Spirit   .   k - +0 chain mail
rPois   .          Reflect  .   (no helmet)
rElec   .          Harm     .   (no cloak)
rCorr   .          Rampage  .   j - +0 pair of gloves
Will    .....                   (no boots)
Stlth   ..........              (no amulet)
HPRegen 0.13/turn               (no ring)
MPRegen 0.09/turn               (no ring)

@: mighty, lethally poisoned (-3 -> -4)
A: no striking features
a: no special abilities


You were on level 3 of the Dungeon.
You visited 1 branch of the dungeon, and saw 3 of its levels.

You collected 156 gold pieces.

Inventory:

Hand Weapons
 a - a +0 war axe
 q - a +1 hand axe of freezing (weapon)
Armour
 b - a +0 scale mail
 c - a +0 buckler (worn)
 j - a +0 pair of gloves (worn)
 k - a +0 chain mail (worn)
Scrolls
 f - 4 scrolls of poison {unknown}
 g - a scroll of summoning {unknown}
 i - 4 scrolls of identify {unknown}
 l - 3 scrolls of teleportation {unknown}
 m - a scroll of amnesia {unknown}
 n - a scroll of enchant armour {unknown}
Potions
 e - a potion of curing {unknown}
 h - a potion of lignification {unknown}
 o - a potion of heal wounds {unknown}
 p - a potion of magic {unknown}


   Skills:
 + Level 4.1 Fighting
 + Level 3.9 Axes
 + Level 4.2 Armour
 + Level 1.2 Dodging
 + Level 0.1 Stealth
 + Level 3.6 Shields


You had 3 spell levels left.
You didn't know any spells.
Your spell library contained the following spells:

 Spells                   Type           Power      Damage    Failure   Level
 Ozocubu's Armour         Ice            0%         N/A       100%        3
 Ozocubu's Refrigeration  Ice            0%         4d7       100%        7


Dungeon Overview and Level Annotations

Branches:
Dungeon (3/15)

Altars:
Okawaru
Vehumet
The Shining One

Shops:
D:2 *   D:3 (


Message History

You hit the orc but do no damage.
You feel sick.
The orc hits you with a +1 dagger of venom.
You are more poisoned.
You feel very sick. You block the orc wizard's attack.
Items here: )) ††.
You hit the orc. You freeze the orc.
You kill the orc!
You hit the orc wizard. You freeze the orc wizard.
You feel very sick. The orc wizard casts a spell at you.
The magic dart hits you.
You feel very mighty all of a sudden.
You feel sick. You block the orc wizard's attack.
You barely miss the orc wizard.
The orc wizard is moderately wounded.
You feel sick.
The orc wizard hits you with a +0 dagger.
You barely miss the orc wizard.
The orc wizard is moderately wounded.
You feel sick. You block the orc wizard's attack.
The orc wizard gestures at you while chanting.
The magic dart hits you but does no damage.
You hit the orc wizard. You freeze the orc wizard.
The orc wizard is heavily wounded.
You feel sick. The orc wizard casts a spell at you. The puff of flame hits you!
* * * LOW HITPOINT WARNING * * *
You closely miss the orc wizard.
The orc wizard is moderately wounded.
You feel sick.
The orc wizard gestures at you while chanting.
You block the puff of flame.
You closely miss the orc wizard.
The orc wizard is moderately wounded.
You feel sick.
The orc wizard seems less brilliant.
The orc wizard casts a spell at you. The magic dart hits you!
You die...

# #.# ### #.####.# # #.. ...#.#
## #.# #.#.### .... #.# #....##
.... #.# #.##...... ≈≈≈≈ #.#
#.......## .... #o# ######.###
≈≈§§≈..# #@# #.# .§§.≈..# ###)###
#.# _.≈.≈..# #<....# ##'##
..§.≈..## #.....# ##...##
≈≈≈.≈...## #.....## ##.....#
....≈....# #......## ##.......
≈≈≈≈≈....#####.......####........
.......................[)........
.###.....#.#####.#...####........


You could see an orc wizard.

Vanquished Creatures
  Natasha (twice) (D:2)
  An adder (D:3)
  A worm (D:3)
  6 orcs (D:3)
  5 endoplasms
  A giant cockroach (D:2)
  2 goblins
  4 hobgoblins
  A kobold (D:1)
  2 quokkas
  4 ball pythons (D:1)
  2 bats (D:2)
  3 frilled lizards
  A rat (D:1)
35 creatures vanquished.

Vanquished Creatures (others)
  2 demonspawn (D:1)
  3 draconians (D:1)
  An elf (D:1)
  A merfolk (D:1)
  A human (D:1)
  A demigod (D:1)
  A dwarf (D:1)
  An ogre (D:1)
  A felid (D:1)
  4 tentacles (D:1)
16 creatures vanquished.

Grand Total: 51 creatures vanquished

Notes
Turn   | Place    | Note
-------+----------+-------------------------------------------
     0 | D:1      | drpainis the Hill Orc Fighter began the quest for the Orb.
     0 | D:1      | Reached XP level 1. HP: 19/19 MP: 1/1
     0 | D:1      | Noticed a draconian
     0 | D:1      | Noticed a demonspawn
     0 | D:1      | Noticed an elf
     0 | D:1      | Noticed a human
     0 | D:1      | Noticed a demonspawn
     0 | D:1      | Noticed a demigod
     0 | D:1      | Noticed a kraken
     0 | D:1      | Noticed a draconian
     0 | D:1      | Noticed an ogre
     0 | D:1      | Noticed a draconian
     0 | D:1      | Noticed a merfolk
     0 | D:1      | Noticed a dwarf
     0 | D:1      | Noticed a felid
     6 | D:1      | Killed a demigod
     6 | D:1      | Killed a merfolk
     8 | D:1      | Killed a human
    12 | D:1      | Killed a demonspawn
    12 | D:1      | Killed a draconian
    14 | D:1      | Killed a demonspawn
    15 | D:1      | Killed an elf
    16 | D:1      | Killed a draconian
    16 | D:1      | Killed a dwarf
    17 | D:1      | Killed an ogre
    18 | D:1      | Killed a felid
    19 | D:1      | Killed a draconian
   767 | D:1      | Reached XP level 2. HP: 27/27 MP: 2/2
  1400 | D:2      | Found Qeazinat's Assorted Antiques.
  1502 | D:2      | Reached XP level 3. HP: 33/33 MP: 3/3
  1513 | D:2      | Noticed Natasha
  1518 | D:2      | Killed Natasha
  1697 | D:2      | Found an iron altar of Okawaru.
  1971 | D:2      | Noticed Natasha
  1981 | D:2      | Killed Natasha
  1982 | D:2      | Reached XP level 4. HP: 16/40 MP: 4/4
  2359 | D:3      | Reached skill level 1 in Dodging
  2492 | D:3      | Found a faded altar of an unknown god.
  2497 | D:3      | Found a glowing golden altar of the Shining One.
  2552 | D:3      | Found a radiant altar of Vehumet.
  2811 | D:3      | Found Yheugipp's Weapon Shoppe.
  2827 | D:3      | Killed from afar by an orc wizard

Illustrated notes

Levels and vault maps discovered:
D:1:      nicolae_arrival_kraken_aquarium_a, layout_basic
D:2:      layout_loops_cross, basic_altar, serial_shops, nicolae_shop_stone,
          grunt_decor_junction, uniq_natasha
D:3:      layout_loops_corners, nicolae_overflow_ecumenical_swirl,
          mainiacjoe_overflow_concentric_impassable, serial_shops, shop,
          kennysheep_generic_room_8

Skill      XL: |  1  2  3  4 |
---------------+-------------+-----
Fighting       | 4 |  4.1
Axes           | 3 |  3.9
Armour         | 4 |  4.2
Dodging        | 1 |  1.2
Stealth        | |  0.1
Shields        | |  3.6

Action                   |  1- 3 |  4- 6 || total
-------------------------+-------+-------++-------
Melee: War axe           |    70 |    30 ||   100
       Hand axe          |       |     9 ||     9
  Use: Potion            |       |     1 ||     1
Armor: Scale mail        |    30 |       ||    30
       Chain mail        |    11 |    22 ||    33
Dodge: Dodged            |    35 |     9 ||    44
Block: Buckler           |    12 |     7 ||    19

Table legend: (Time is in decaauts)
 A = Elapsed time spent in this place.
 B = Non-inter-level travel time spent in this place.
 C = Inter-level travel time spent in this place.
 D = Time resting spent in this place.
 E = Time spent auto-exploring this place.
 F = Levels seen in this place.
 G = Mean time per level.
                   A        B        C        D        E       F      G
               +--------+--------+--------+--------+--------+-----+--------+
         Total |   2869 |   2848 |     21 |    193 |   2212 |   3 |  956.3 |
       Dungeon |   2869 |   2848 |     21 |    193 |   2212 |   3 |  956.3 |
               +--------+--------+--------+--------+--------+-----+--------+

Top non-repeatable levels by time:
     D:1: 1376 daAuts
     D:2: 867 daAuts
     D:3: 625 daAuts
